 Dungeon Crawl Stone Soup version 0.30-a0-802-gb92711bcdf (console) character file.

Game seed: 14087262322996113210

1 petzl the Sneak (level 1, -1/18 HPs)
             Began as a Formicid Delver on Feb 25, 2023.
             Slain by a gnoll
             ... wielding a +0 flail
              (3 damage)
             ... on level 4 of the Dungeon.
             The game lasted 00:00:48 (73 turns).

petzl the Sneak (Formicid Delver)                     Turns: 73, Time: 00:00:49

Health: -1/18      AC:  3    Str: 16    XL:     1   Next: 22%
Magic:  1/1        EV: 12    Int:  9    God:
Gold:   0          SH:  0    Dex: 15    Spells: 0/0 levels left

rFire   . . .      SeeInvis +    a - +0 mace
rCold   . . .      Faith    .    (no shield)
rNeg    . . .      Spirit   .    b - +0 leather armour
rPois   .          Reflect  .    (helmet unavailable)
rElec   .          Harm     .    (no cloak)
rCorr   .          Rampage  .    (no gloves)
Will    .....                    (no boots)
Stlth   +++                      (no amulet)
HPRegen 0.23/turn                (no ring)
MPRegen 0.07/turn                (no ring)

@: no status effects
A: permanent stasis, dig shafts and tunnels, antennae 3, four strong arms
a: Dig, Shaft Self


You were on level 4 of the Dungeon.
You visited 1 branch of the dungeon, and saw 2 of its levels.

Inventory:

Hand Weapons
 a - a +0 mace (weapon)
Armour
 b - a +0 leather armour (worn)
Wands
 f - a wand of digging (3)
Scrolls
 c - a scroll of fog
 d - a scroll of magic mapping
 e - a scroll of fear


   Skills:
 - Level 3.2 Fighting
 - Level 2.0 Maces & Flails
 - Level 1.7 Dodging
 - Level 6.0 Stealth
 + Level 0.4 Spellcasting


You couldn't memorise any spells.
You didn't know any spells.
Your spell library was empty.

Dungeon Overview and Level Annotations

Branches:
Dungeon (5/15)
 Temple: D:4-7

Altars:


Innate Abilities, Weirdness & Mutations

You cannot be hasted, slowed, berserked, paralysed or teleported.
You can dig through walls and to a lower floor.
You have a pair of large antennae on your head. (SInv)
Your four strong arms can wield two-handed weapons with a shield.


Message History

You climb upwards.
Found 4 stones.
There is a stone staircase leading down here.
A jackal comes into view.
Found a flail.
A jackal is nearby! 2 gnolls come into view.
A jackal comes into view. x2
The jackal barks!
You hear a shout!
You hit the jackal but do no damage.
The jackal bites you but does no damage.
The jackal bites you.
You closely miss the jackal. The jackal misses you.
The jackal bites you but does no damage.
You barely miss the jackal. The jackal completely misses you.
You barely miss the jackal. The jackal barely misses you. The jackal bites you.
You closely miss the jackal.
The jackal bites you but does no damage. x2
You closely miss the jackal. The jackal misses you.
A gnoll comes into view. It is wielding a +0 spear.
The jackal bites you but does no damage.
Press: ? - help, . - travel You can't see that place.
You sock the jackal!
You kill the jackal!
You closely miss the gnoll.
A gnoll comes into view. It is wielding a +0 club.
The gnoll misses you. The gnoll hits you with a +0 flail!
Press: ? - help, v - describe, . - travel
Here: a gnoll, wielding a +0 club The floor.
Unknown command.
Unknown command.
Unknown command.
The gnoll attacks as you move away! The gnoll hits you with a +0 flail.
Are you sure you want to shaft yourself?
The gnoll hits you with a +0 flail!
* * * LOW HITPOINT WARNING * * *
You begin to dig a shaft.
You continue digging a shaft.
The gnoll barely misses you. The gnoll hits you with a +0 flail.
You die...

#######
#####.......
#>g.....()..
###...g.....g.
#g.{###.......
#g### h......
#g#### .......
#.@..# .......
####.# .......
# .......


You could see 3 gnolls.

Vanquished Creatures
  A jackal (D:4)
1 creature vanquished.

Notes
Turn   | Place    | Note
-------+----------+-------------------------------------------
     0 | D:5      | petzl the Formicid Delver began the quest for the Orb.
     0 | D:5      | Reached XP level 1. HP: 18/18 MP: 1/1
    48 | D:5      | Noticed an iguana
    48 | D:5      | Noticed a scorpion
    73 | D:4      | Slain by a gnoll

Illustrated notes

Levels and vault maps discovered:
D:4:      layout_basic, minmay_temple_entry_butterflies,
          gammafunk_ghost_nasty_kobolds, uniq_grinder, uniq_edmund, uniq_ijyb
D:5:      layout_basic, gammafunk_ghost_cemetery

Action                     || total
---------------------------++-------
  Melee: Mace              ||     8
Ability: Shaft Self        ||     1
 Armour: Leather armour    ||     5
  Dodge: Dodged            ||     6

Table legend: (Time is in decaauts)
 A = Elapsed time spent in this place.
 B = Non-inter-level travel time spent in this place.
 C = Inter-level travel time spent in this place.
 D = Time resting spent in this place.
 E = Time spent auto-exploring this place.
 F = Levels seen in this place.
 G = Mean time per level.
                   A        B        C        D        E       F      G
               +--------+--------+--------+--------+--------+-----+--------+
         Total |     75 |     75 |      0 |      0 |     40 |   2 |   37.5 |
       Dungeon |     75 |     75 |      0 |      0 |     40 |   2 |   37.5 |
               +--------+--------+--------+--------+--------+-----+--------+

Top non-repeatable levels by time:
     D:5: 51 daAuts
     D:4: 24 daAuts
